 Dungeon Crawl Stone Soup version 0.27-a0-695-gb4952372f7 (webtiles) character file.

Game seed: 8353055175006002513

28 jasper the Magician (level 3, -21/19 HPs)
             Began as a Deep Elf Hedge Wizard on Mar 21, 2021.
             Was an Initiate of Vehumet.
             Engulfed by a cloud of flame (27 damage)
             ... on level 2 of the Dungeon.
             The game lasted 00:01:15 (1384 turns).

jasper the Magician (Deep Elf Hedge Wizard)         Turns: 1384, Time: 00:01:16

Health: -21/19     AC:  2    Str:  7    XL:     3   Next: 0%
Magic:  9/11       EV: 12    Int: 19    God:    Vehumet [......]
Gold:   62         SH:  0    Dex: 14    Spells: 2/12 levels left

rFire    . . .     SeeInvis .   a - +0 dagger
rCold    . . .     Faith    .   (no shield)
rNeg     + . .     Spirit   .   b - +0 robe
rPois    .         Reflect  .   c - +0 hat
rElec    .         Harm     .   (no cloak)
rCorr    .         Rampage  .   (no gloves)
Will     .....                  (no boots)
Stlth    ++........             h - amulet of regeneration
HPRegen  1.06/turn              j - ring of positive energy
MPRegen  0.12/turn              (no ring)

@: no status effects
A: no striking features
a: Renounce Religion


You were on level 2 of the Dungeon.
You worshipped Vehumet.
Vehumet was noncommittal.
You visited 1 branch of the dungeon, and saw 2 of its levels.

You collected 62 gold pieces.

Inventory:

Hand Weapons
 a - a +0 dagger (weapon)
Missiles
 f - 40 arrows
Armour
 b - a +0 robe (worn)
 c - a +0 hat (worn)
Jewellery
 h - an amulet of regeneration (around neck)
 j - a ring of positive energy (right hand)
Scrolls
 e - 2 scrolls of enchant armour {unknown}
 k - 2 scrolls of identify {unknown}
Potions
 d - a potion of invisibility {unknown}
 g - a potion of curing {unknown}
 i - 2 potions of might {unknown}


   Skills:
 - Level 2.4 Dodging
 - Level 2.4 Stealth
 * Level 5.4 Spellcasting
 + Level 2.0 Conjurations
 - Level 1.1 Summonings
 - Level 1.1 Translocations


You had 2 spell levels left.
You knew the following spells:

 Your Spells              Type           Power      Damage    Failure   Level
a - Magic Dart            Conj           52%        1d5       4%          1
b - Blink                 Tloc           N/A        N/A       12%         2
c - Call Imp              Summ           9%         N/A       12%         2
d - Slow                  Hex            5%         N/A       19%         2
e - Conjure Flame         Conj/Fire      9%         6-21      24%         3

Your spell library contained the following spells:

 Spells                   Type           Power      Damage    Failure   Level
 Mephitic Cloud           Conj/Pois/Air  7%         N/A       26%         3


Dungeon Overview and Level Annotations

Branches:
Dungeon (2/15)

Altars:
Vehumet


Message History

Found a radiant altar of Vehumet.
Aiming: Magic Dart (safe; 5% risk of failure)
Press: ? - help, Q - select action, (/) - cycle Shift-Dir - straight line, f - kobold
Aim: a kobold (0% to evade)
The magic dart hits the kobold.
The kobold is heavily wounded.
You now have 9/10 mp.
Aiming: Magic Dart (safe; 5% risk of failure)
Press: ? - help, Q - select action, (/) - cycle Shift-Dir - straight line, f/p - kobold
Aim: a kobold (heavily wounded, 0% to evade)
The magic dart hits the kobold.
You kill the kobold!
You have reached level 3!
Your experience leads to an increase in your attributes!
Increase (S)trength, (I)ntelligence, or (D)exterity?
You feel clever.
Health restored: 19 You now have 8/11 mp.
This spell is potentially lethal to cast!
Memorise Conjure Flame, consuming 3 spell levels and leaving 2?
You start memorising the spell.
You continue memorising. x3
You finish memorising.
Spell assigned to 'e'.
Okay, then.
You see here a kobold corpse.
Found 11 gold pieces.
Really walk into a travel-excluded area? [Y]es or [N]o only, please.
Really walk into a travel-excluded area?
A worm comes into view.
Really walk into that cloud of flame?
You are engulfed in blazing flames.
Ouch! That really hurt!
* * * LOW HITPOINT WARNING * * *
There is a radiant altar of Vehumet here.
You take 13 damage, and have 6/19 hp.
MASSIVE DAMAGE!!
You kneel at the altar of Vehumet.
Vehumet welcomes you!
You are engulfed in blazing flames.
Ouch! That really hurt!
You die...

##### w..... .#
...... .# ......
#.#
......###.####
.............
......○...#
.......@☼§#
......°.).#
#.....°...####.##
.............$...
#.#######.####+##
# #†......#
#.......#
#.......#
#.......#


You could see a worm (asleep).

Vanquished Creatures
  2 adders
  A giant cockroach (D:1)
  A goblin (D:2)
  A hobgoblin (D:1)
  A kobold (D:2)
  2 bats
  A frilled lizard (D:1)
  2 rats
11 creatures vanquished.

Vanquished Creatures (others)
  A giant cockroach (D:2)
  A goblin (D:2)
2 creatures vanquished.

Grand Total: 13 creatures vanquished

Notes
Turn   | Place    | Note
-------+----------+-------------------------------------------
     0 | D:1      | jasper the Deep Elf Hedge Wizard began the quest for the
                  | Orb.
     0 | D:1      | Reached XP level 1. HP: 10/10 MP: 7/7
  1034 | D:1      | Reached skill level 5 in Spellcasting
  1034 | D:1      | Reached XP level 2. HP: 11/15 MP: 0/10
  1046 | D:1      | Learned a level 2 spell: Blink
  1049 | D:1      | Learned a level 2 spell: Call Imp
  1052 | D:1      | Learned a level 2 spell: Slow
  1370 | D:2      | Found a radiant altar of Vehumet.
  1373 | D:2      | Reached XP level 3. HP: 19/19 MP: 8/11
  1377 | D:2      | Learned a level 3 spell: Conjure Flame
  1384 | D:2      | Became a worshipper of Vehumet
  1384 | D:2      | Engulfed by a cloud of flame

Illustrated notes

Levels and vault maps discovered:
D:1:      kennysheep_arrival_seaside, layout_loops_ring
D:2:      layout_basic, fiery_altar_vehumet, uniq_natasha

Skill      XL: |  1  2 |
---------------+-------+-----
Spellcasting   | 5 |  5.4
Conjurations   | 2 |  2.0
Dodging        | |  2.4
Stealth        | |  2.4
Summonings     | |  1.1
Translocations | |  1.1

Action                   || total
-------------------------++-------
 Cast: Magic Dart        ||    35
Armor: Robe              ||     4
Dodge: Dodged            ||    21

Table legend: (Time is in decaauts)
 A = Elapsed time spent in this place.
 B = Non-inter-level travel time spent in this place.
 C = Inter-level travel time spent in this place.
 D = Time resting spent in this place.
 E = Time spent auto-exploring this place.
 F = Levels seen in this place.
 G = Mean time per level.
                   A        B        C        D        E       F      G
               +--------+--------+--------+--------+--------+-----+--------+
         Total |   1386 |   1310 |     76 |     69 |   1139 |   2 |  693.0 |
       Dungeon |   1386 |   1310 |     76 |     69 |   1139 |   2 |  693.0 |
               +--------+--------+--------+--------+--------+-----+--------+

Top non-repeatable levels by time:
     D:1: 1098 daAuts
     D:2: 287 daAuts
